 Dungeon Crawl Stone Soup version 0.31-a0-460-g9e667d4245 (webtiles) character file.

Game seed: 2315791937366456610

33 MisterAzrael the Ruffian (level 3, -1/23 HPs)
             Began as an Octopode Shapeshifter on Aug 4, 2023.
             Slain by a hobgoblin (7 damage)
             ... led by Robin
             ... on level 2 of the Dungeon.
             The game lasted 00:00:47 (821 turns).

MisterAzrael the Ruffian (Octopode Shapeshifter)     Turns: 821, Time: 00:00:47

Health: -1/23      AC:  1    Str: 16    XL:     3   Next: 29%
Magic:  3/3        EV: 13    Int: 10    God:
Gold:   89         SH:  0    Dex: 12    Spells: 2/2 levels left

rFire   . .          .
                       - Unarmed
rCold   . . .        (no shield)
rNeg    . . .        (helmet currently unavailable)
rPois   .            (no amulet)
rElec   .            (no ring)
rCorr   .            (no ring)
SInv    .            (no ring)
Will    .....        (no ring)
Stlth   +++          (no ring)
HPRegen 0.23/turn    (no ring)
MPRegen 0.08/turn    (no ring)
                     (no ring)

%: no passive effects
@: beast-form
A: beast (slay +2), almost no armour, amphibious, 8 rings, camouflage 1,
gelatinous body 1, (nimble swimmer 1), tentacles
a: Begin Untransformation


You were on level 2 of the Dungeon.
You were a hulking beast.
You visited 1 branch of the dungeon, and saw 2 of its levels.

You collected 89 gold pieces.

Inventory:

Talismans
 b - a beast talisman (active)
Scrolls
 c - a scroll of revelation {unknown}
 f - 2 scrolls of identify {unknown}
Potions
 a - a potion of lignification
 d - a potion of might {unknown}
 e - a potion of ambrosia {unknown}
 g - a potion of resistance {unknown}


   Skills:
 + Level 1.4 Fighting
 - Level 2.0 Dodging
 + Level 1.4 Stealth
 * Level 3.4 Unarmed Combat
 * Level 3.3 Shapeshifting


You had 2 spell levels left.
You didn't know any spells.
Your spell library contained the following spells:

 Spells                   Type           Power      Damage    Failure   Level
 Sandblast                Erth           0%         2d4       36%         1
 Passwall                 Tmut/Erth      0%         N/A       50%         2
 Stone Arrow              Conj/Erth      0%         3d7       75%         3


Dungeon Overview and Level Annotations

Branches:
Dungeon (2/15)

Altars:
The Shining One

Annotations:
D:2 Robin


Innate Abilities, Weirdness & Mutations

You are a hulking beast.
Your limbs bulge with bestial killing power. (Slay +2)
You cannot wear most types of armour.
You are amphibious.
You can wear up to eight rings at the same time.
Your skin changes colour to match your surroundings (Stealth+).
Your rubbery body absorbs attacks. (AC +1, EV +1)
((You are camouflaged when in or above water. (Stealth+)))
You have tentacles for arms and can constrict up to eight enemies at once.


Message History

A goblin and 2 hobgoblins come into view.
There are monsters nearby! 2 goblins and a hobgoblin come into view.
The hobgoblin shouts!
You hear a shout! x2
A goblin comes into view. It is wielding a +0 dagger.
The goblin moves out of view.
Robin of the Strong Arm comes into view.
They are wielding a +1 dagger of electrocution.
Found 6 stones.
Robin shouts!
The goblin shouts!
You hear a shout!
A hobgoblin comes into view.
Robin says, "My goblins will feast on your bones."
Robin roars a battlecry!
The goblins go into a battle-frenzy!
A hobgoblin comes into view.
The goblin shouts!
A goblin comes into view. It is wielding a +0 club.
The goblin shouts!
The hobgoblin shouts!
The goblin shouts!
You tentacle-slap the hobgoblin but do no damage.
You grab the hobgoblin. You constrict the hobgoblin.
Robin throws the goblin at you! The goblin hits you with a +0 club.
The hobgoblin hits you.
A goblin comes into view. It is wielding a +0 dagger.
You tentacle-slap the goblin.
You kill the goblin!
You constrict the hobgoblin, but do no damage.
The hobgoblin struggles to escape constriction.
A frilled lizard comes into view.
The goblin hits you with a +0 dagger. The hobgoblin hits you.
You release your grip on the hobgoblin.
Things that are here:
a +0 club; a +0 sling The hobgoblin attacks as you move away!
The hobgoblin misses you. The goblin attacks as you move away!
The goblin closely misses you. Robin throws the goblin at you!
* * * LOW HITPOINT WARNING * * *
The goblin closely misses you. The goblin attacks as you move away!
The goblin barely misses you. x2
The goblin attacks as you move away! The goblin barely misses you.
The hobgoblin attacks as you move away! The hobgoblin hits you!
You die...

#...#####.
######.l.......
#.(...g........ .
......gg....... .
#.....gg....... .
#gg....... ###.g!######
#..gg.# ##..gh.##
#..._...#### ###
##..........# ...
...........#.# #..
####..#.##.#.#### #.#
.......##......######.#
..........#.##†.......#
>##.......#....†.###..#
..?.........###.# #...


You could see Robin, 5 hobgoblins, 5 goblins and a frilled lizard.

Vanquished Creatures
  An adder (D:2)
  2 endoplasms (D:1)
  A giant cockroach (D:1)
  5 goblins
  2 jackals (D:2)
  2 kobolds (D:1)
  3 quokkas (D:1)
  2 bats
  2 frilled lizards (D:1)
  2 rats
22 creatures vanquished.

Notes
Turn   | Place    | Note
-------+----------+-------------------------------------------
     0 | D:1      | MisterAzrael the Octopode Shapeshifter began the quest for
                  | the Orb.
     0 | D:1      | Reached XP level 1. HP: 13/13 MP: 1/1
   147 | D:1      | Reached XP level 2. HP: 18/18 MP: 2/2
   230 | D:1      | Reached skill level 1 in Stealth
   788 | D:2      | Reached XP level 3. HP: 20/23 MP: 3/3
   802 | D:2      | Found a glowing golden altar of the Shining One.
   814 | D:2      | Noticed Robin
   821 | D:2      | Slain by a hobgoblin

Illustrated notes

Levels and vault maps discovered:
D:1:      scummos_arrival_gate, layout_loops_ring
D:2:      layout_loops_cross, basic_altar, serial_bayou_pond_a, uniq_robin,
          uniq_sigmund

Skill      XL: |  1  2 |
---------------+-------+-----
Stealth        | 1 |  1.4
Fighting       | |  1.4
Dodging        | |  2.0
Unarmed Combat | |  3.4
Shapeshifting  | |  3.3

Action                     || total
---------------------------++-------
  Melee: Unarmed           ||    36
         Constrict         ||     8
         Tentacles         ||     5
   Stab: Sleeping          ||     7
  Dodge: Dodged            ||    23

Table legend: (Time is in decaauts)
 A = Elapsed time spent in this place.
 B = Non-inter-level travel time spent in this place.
 C = Inter-level travel time spent in this place.
 D = Time resting spent in this place.
 E = Time spent auto-exploring this place.
 F = Levels seen in this place.
 G = Mean time per level.
                   A        B        C        D        E       F      G
               +--------+--------+--------+--------+--------+-----+--------+
         Total |    818 |    787 |     31 |    152 |    497 |   2 |  409.0 |
       Dungeon |    818 |    787 |     31 |    152 |    497 |   2 |  409.0 |
               +--------+--------+--------+--------+--------+-----+--------+

Top non-repeatable levels by time:
     D:1: 704 daAuts
     D:2: 114 daAuts
